[Event "Reykjavik Open 2014"]
[Site "Harpa - reykjavik"]
[Date "2014.03.07"]
[Round "5.1"]
[White "Van Kampen, Robin"]
[Black "Rapport, Richard"]
[Result "1-0"]
[WhiteElo "2603"]
[BlackElo "2681"]
[ECO "B09"]
[EventDate "2014.??.??"]
[PlyCount "80"]
[TimeControl "6000+1845"]
[WhiteClock "0:31:21"]
[BlackClock "0:32:46"]

1.e4 d6 2.d4 g6 3.Nc3 Bg7 4.f4 Nf6 5.Nf3 c5 6.dxc5 Qa5 7.Qd4 O-O 8.Bd2 Nc6
9.Qc4 Qd8 10.O-O-O Be6 11.Qa4 Ng4 12.Rg1 a6 13.h3 Nf2 14.Re1 dxc5 15.Qa3 
Nd4 16.Ng5 Bd7 17.Nd5 Bc6 18.Qxc5 Bxd5 19.Qxd5 Rc8 20.Qxd8 Rfxd8 21.c3 h6 
22.Nf3 Nxh3 23.Nxd4 Bxd4 24.Rh1 Nf2 25.Rxh6 b5 26.a3 Bb6 27.Kc2 Rd7 28.Bc1
Rcd8 29.e5 e6 30.f5 Rd1 31.Bg5 Be3 32.Rxe3 R8d2+ 33.Kb3 Rb1 34.Kb4 Ng4 35.
Reh3 Nxh6 36.Rxh6 Rdxb2+ 37.Ka5 Kg7 38.Bd3 Re1 39.fxg6 fxg6 40.Rxg6+ Kf7 
1-0

[Event "Reykjavik Open 2014"]
[Site "Harpa - reykjavik"]
[Date "2014.03.07"]
[Round "5.2"]
[White "Grandelius, Nils"]
[Black "L'ami, Erwin"]
[Result "0-1"]
[WhiteElo "2600"]
[BlackElo "2646"]
[ECO "E32"]
[EventDate "2014.??.??"]
[PlyCount "88"]
[TimeControl "6000+1940"]
[WhiteClock "0:28:53"]
[BlackClock "0:51:37"]

1.d4 Nf6 2.c4 e6 3.Nc3 Bb4 4.Qc2 O-O 5.Nf3 d5 6.cxd5 exd5 7.Bf4 c5 8.dxc5 
Ne4 9.e3 Bf5 10.Bd3 Nd7 11.Bd6 Bxc3+ 12.bxc3 Nxd6 13.cxd6 Bxd3 14.Qxd3 Nf6
15.O-O Qxd6 16.Rab1 b6 17.c4 Qc5 18.cxd5 Qxd5 19.Qa6 Ne4 20.Rfd1 Qe6 21.
Rbc1 Nc5 22.Qc4 Rad8 23.Qxe6 Nxe6 24.Nd4 Nxd4 25.Rxd4 Rxd4 26.exd4 Rd8 27.
Rc7 a6 28.Kf1 h5 29.Rc4 Kf8 30.Ke2 Ke7 31.Kd3 Kd6 32.d5 Rd7 33.g4 b5 34.
Rf4 hxg4 35.Rxg4 g6 36.Rg5 Rc7 37.f4 Rc1 38.h4 Rd1+ 39.Ke4 Rh1 40.Rg2 Rxh4
41.Rg1 f5+ 42.Ke3 Kxd5 43.Rxg6 Rh3+ 44.Ke2 Ra3 0-1

[Event "Reykjavik Open 2014"]
[Site "Harpa - reykjavik"]
[Date "2014.03.07"]
[Round "5.3"]
[White "Amin, Bassem"]
[Black "Hansen, Eric"]
[Result "1-0"]
[WhiteElo "2657"]
[BlackElo "2587"]
[ECO "C26"]
[EventDate "2014.??.??"]
[PlyCount "55"]
[TimeControl "6000+1260"]
[WhiteClock "0:19:59"]
[BlackClock "0:02:51"]

1.e4 e5 2.Nc3 Nf6 3.g3 Bc5 4.Bg2 O-O 5.d3 c6 6.Nf3 d6 7.O-O Re8 8.Qe1 Nbd7
9.Na4 Bb6 10.Nxb6 axb6 11.b3 d5 12.Bb2 Qc7 13.a4 dxe4 14.dxe4 b5 15.axb5 
Rxa1 16.Bxa1 cxb5 17.Qe2 b6 18.Rd1 b4 19.Ne1 Bb7 20.Qd2 Nc5 21.f3 h5 22.
Qxb4 h4 23.Qd2 Qc8 24.b4 h3 25.Bf1 Ncxe4 26.fxe4 Bxe4 27.Nd3 Ba8 28.Nf2 
1-0

[Event "Reykjavik Open 2014"]
[Site "Harpa - reykjavik"]
[Date "2014.03.07"]
[Round "5.4"]
[White "Li, Chao b"]
[Black "Harika, Dronavalli"]
[Result "1-0"]
[WhiteElo "2700"]
[BlackElo "2487"]
[ECO "E06"]
[EventDate "2014.??.??"]
[PlyCount "107"]
[TimeControl "6000+1135"]
[WhiteClock "0:41:08"]
[BlackClock "0:34:54"]

1.d4 e6 2.Nf3 Nf6 3.g3 d5 4.c4 Be7 5.Bg2 O-O 6.Qc2 dxc4 7.Nbd2 Nc6 8.Qxc4 
Qd5 9.O-O Rd8 10.e3 Qxc4 11.Nxc4 Bd7 12.Bd2 Ne4 13.Rfc1 Nxd2 14.Nfxd2 Bd6 
15.a3 Rab8 16.b4 a6 17.Ne4 Be8 18.d5 exd5 19.Nexd6 cxd6 20.Bxd5 Ne7 21.Bg2
Bc6 22.Na5 Bxg2 23.Kxg2 b6 24.Nc6 Nxc6 25.Rxc6 Kf8 26.Kf3 d5 27.Ke2 Ke7 
28.Rac1 Rd6 29.Rc7+ Rd7 30.Kd3 Rb7 31.Rc8 b5 32.R1c2 Rb6 33.Ra8 g5 34.Rcc8
Kf6 35.g4 d4 36.e4 Kg7 37.Rc5 h6 38.Rcc8 Kf6 39.Re8 Re6 40.Rxe6+ fxe6 41.
Rxa6 Rc7 42.Kxd4 Rc4+ 43.Kd3 Rc1 44.Ra5 Ra1 45.Kd4 Ra2 46.e5+ Kg6 47.Ke3 
h5 48.h3 h4 49.Kf3 Kf7 50.Kg2 Ra1 51.Rxb5 Rxa3 52.Rb7+ Kf8 53.b5 Rb3 54.b6
1-0

[Event "Reykjavik Open 2014"]
[Site "Harpa - reykjavik"]
[Date "2014.03.07"]
[Round "5.5"]
[White "Elsness, Frode"]
[Black "Kobalia, Mikhail"]
[Result "0-1"]
[WhiteElo "2479"]
[BlackElo "2646"]
[ECO "D45"]
[EventDate "2014.??.??"]
[PlyCount "76"]
[TimeControl "6000+1600"]
[WhiteClock "0:00:37"]
[BlackClock "0:04:55"]

1.d4 d5 2.c4 c6 3.Nc3 Nf6 4.e3 e6 5.Nf3 Nbd7 6.Qc2 Bd6 7.b3 O-O 8.Be2 b6 
9.Bb2 Bb7 10.O-O Qe7 11.Rad1 Rad8 12.Rfe1 c5 13.cxd5 exd5 14.Bf1 Rfe8 15.
g3 Rc8 16.Qf5 Qe6 17.Bh3 c4 18.Qxe6 fxe6 19.bxc4 Rxc4 20.Rc1 a6 21.Nd2 Rc7
22.f4 b5 23.e4 b4 24.e5 bxc3 25.Rxc3 Rxc3 26.Bxc3 Bxe5 27.dxe5 Ne4 28.Nxe4
dxe4 29.Rd1 Nc5 30.Rd6 e3 31.Bb4 Rc8 32.Bg4 h5 33.Bxh5 Bd5 34.Kf1 Nd3 35.
Ba3 Rc2 36.Be2 Nc1 37.Bxa6 Bf3 38.Ke1 Rxh2 0-1

[Event "Reykjavik Open 2014"]
[Site "Harpa - reykjavik"]
[Date "2014.03.07"]
[Round "5.6"]
[White "Ezat, Mohamed"]
[Black "Gretarsson, Hjorvar Steinn"]
[Result "1/2-1/2"]
[WhiteElo "2439"]
[BlackElo "2511"]
[ECO "E36"]
[EventDate "2014.??.??"]
[PlyCount "22"]
[TimeControl "6000+1260"]
[WhiteClock "1:07:31"]
[BlackClock "1:21:01"]

1.d4 Nf6 2.c4 e6 3.Nc3 Bb4 4.Qc2 O-O 5.a3 Bxc3+ 6.Qxc3 d5 7.Bg5 c5 8.e3 h6
9.Bxf6 Qxf6 10.Nf3 cxd4 11.Qxd4 Qxd4 1/2-1/2

[Event "Reykjavik Open 2014"]
[Site "Harpa - reykjavik"]
[Date "2014.03.07"]
[Round "5.7"]
[White "Idani, Pouya"]
[Black "Bekker-Jensen, Simon"]
[Result "1/2-1/2"]
[WhiteElo "2496"]
[BlackElo "2418"]
[ECO "E97"]
[EventDate "2014.??.??"]
[PlyCount "93"]
[TimeControl "6000+890"]
[WhiteClock "0:37:17"]
[BlackClock "0:31:29"]

1.Nf3 Nf6 2.c4 g6 3.Nc3 Bg7 4.e4 d6 5.d4 O-O 6.Be2 e5 7.O-O Nc6 8.Be3 Ng4 
9.Bg5 f6 10.Bh4 g5 11.Bg3 Nh6 12.d5 Ne7 13.Nd2 c5 14.dxc6 bxc6 15.b4 f5 
16.exf5 Nhxf5 17.b5 Nd4 18.bxc6 Nexc6 19.Bd3 Be6 20.Be4 Rc8 21.Nd5 Ne7 22.
Ne3 d5 23.cxd5 Nxd5 24.Nxd5 Bxd5 25.Kh1 Bxe4 26.Nxe4 Rc2 27.Qg4 h6 28.h4 
Qc8 29.Qxc8 Rfxc8 30.hxg5 hxg5 31.Nxg5 e4 32.Rab1 Rxa2 33.Nxe4 a5 34.Rb7 
Nf5 35.Bc7 a4 36.g4 Rc2 37.Bf4 Nh4 38.Bg3 a3 39.Bxh4 Rc1 40.Bf6 Rxf1+ 41.
Kg2 Bxf6 42.Nxf6+ Kf8 43.Ra7 Ra1 44.Nh7+ Kg8 45.Nf6+ Kf8 46.Nh7+ Kg8 47.
Nf6+ 1/2-1/2

[Event "Reykjavik Open 2014"]
[Site "Harpa - reykjavik"]
[Date "2014.03.07"]
[Round "5.8"]
[White "Urkedal, Frode"]
[Black "Gullaksen, Eirik"]
[Result "1/2-1/2"]
[WhiteElo "2495"]
[BlackElo "2359"]
[ECO "E81"]
[EventDate "2014.??.??"]
[PlyCount "118"]
[TimeControl "6000+1240"]
[WhiteClock "0:03:12"]
[BlackClock "0:28:21"]

1.d4 Nf6 2.c4 g6 3.Nc3 Bg7 4.e4 O-O 5.Bg5 d6 6.f3 a6 7.Qd2 c5 8.d5 b5 9.
cxb5 axb5 10.Bxb5 Ba6 11.Bxa6 Nxa6 12.Nge2 Qb6 13.O-O Rfb8 14.Rab1 Nc7 15.
Be3 Qa6 16.a4 Rb4 17.b3 Rab8 18.Nc1 Nd7 19.Qc2 Bxc3 20.Qxc3 Rxa4 21.Nd3 
Nb5 22.Qd2 Ra2 23.Rb2 Rxb2 24.Qxb2 Nd4 25.Bxd4 Qxd3 26.Bc3 f6 27.h3 Ne5 
28.Rb1 Nxf3+ 29.gxf3 Qxf3 30.Qc2 Qg3+ 31.Kf1 f5 32.exf5 Rf8 33.f6 exf6 34.
Re1 Qxh3+ 35.Kg1 Qg3+ 36.Kf1 Qf3+ 37.Kg1 Qxd5 38.Re2 Kf7 39.Rh2 Qg5+ 40.
Kf1 Kg8 41.Qe4 Qc1+ 42.Be1 Qd1 43.Qe6+ Kg7 44.Qe7+ Rf7 45.Rxh7+ Kxh7 46.
Qxf7+ Kh6 47.Qxf6 Qxb3 48.Bd2+ Kh7 49.Bc3 Qd1+ 50.Kf2 Qc2+ 51.Ke3 Qc1+ 52.
Kd3 Qd1+ 53.Kc4 Qa4+ 54.Kd3 Qd1+ 55.Ke3 Qc1+ 56.Kf2 Qc2+ 57.Kg1 Qb1+ 58.
Kh2 Qc2+ 59.Kg3 Qd3+ 1/2-1/2

[Event "Reykjavik Open 2014"]
[Site "Harpa - reykjavik"]
[Date "2014.03.07"]
[Round "5.9"]
[White "Aravindh, Chithambaram Vr"]
[Black "Naiditsch, Arkadij"]
[Result "0-1"]
[WhiteElo "2395"]
[BlackElo "2706"]
[ECO "C70"]
[EventDate "2014.??.??"]
[PlyCount "82"]
[TimeControl "6000+1425"]
[WhiteClock "0:26:50"]
[BlackClock "0:59:00"]

1.e4 e5 2.Nf3 Nc6 3.Bb5 a6 4.Ba4 Nge7 5.O-O g6 6.c3 Bg7 7.d4 exd4 8.cxd4 
O-O 9.d5 b5 10.Bc2 Nb4 11.Bb3 a5 12.a3 Na6 13.a4 bxa4 14.Bxa4 Nc5 15.Bc2 
d6 16.Nc3 Bg4 17.h3 Bxf3 18.Qxf3 f5 19.Bg5 h6 20.Bxe7 Qxe7 21.exf5 gxf5 
22.Bxf5 Qg5 23.g4 Bxc3 24.bxc3 Nb3 25.Ra4 Nd2 26.Qd3 Nxf1 27.Kxf1 Kh8 28.
Kg2 Qg7 29.f4 Rfb8 30.Qc2 Rb6 31.Re4 Rab8 32.Kg3 Rb3 33.Re3 a4 34.Kh4 Rg8 
35.Kg3 Qf6 36.h4 Rf8 37.h5 Rfb8 38.Bd7 a3 39.Ba4 Rb2 40.Qd3 Rf8 41.Bc2 
Rxc2 0-1

[Event "Reykjavik Open 2014"]
[Site "Harpa - reykjavik"]
[Date "2014.03.07"]
[Round "5.10"]
[White "Berkes, Ferenc"]
[Black "Karavade, Eesha"]
[Result "1-0"]
[WhiteElo "2687"]
[BlackElo "2408"]
[ECO "D38"]
[EventDate "2014.??.??"]
[PlyCount "103"]
[TimeControl "6000+1535"]
[WhiteClock "0:24:31"]
[BlackClock "0:25:21"]

1.d4 Nf6 2.Nf3 e6 3.c4 d5 4.Nc3 Bb4 5.Bg5 h6 6.Bh4 g5 7.Bg3 Ne4 8.Qc2 Nc6 
9.e3 Bd7 10.Bd3 Bxc3+ 11.bxc3 Nxg3 12.hxg3 dxc4 13.Bxc4 Qe7 14.Rb1 O-O-O 
15.O-O h5 16.Ba6 bxa6 17.Qb3 Be8 18.Rfd1 Nb4 19.Qa3 f6 20.Rxb4 Rd6 21.Rb2 
h4 22.Rdb1 Qh7 23.Rb8+ Kd7 24.Qa4+ Ke7 25.Qc4 Bc6 26.gxh4 gxh4 27.Rxh8 
Qxh8 28.d5 Bxd5 29.Qxc7+ Rd7 30.Qc5+ Kf7 31.Rb4 Bxf3 32.gxf3 h3 33.Kh2 f5 
34.Rd4 Rb7 35.Rb4 Rd7 36.Rd4 Rb7 37.Qd6 Qh5 38.Qg3 Qh8 39.Rh4 Qg7 40.Kxh3 
Qxg3+ 41.Kxg3 Kf6 42.Ra4 Rb6 43.f4 Rc6 44.c4 Kf7 45.Kf3 Ke7 46.Ke2 Kd7 47.
Kd3 Rd6+ 48.Kc3 Kc7 49.c5 Rd5 50.Kc4 Kb7 51.Ra3 Rd2 52.f3 1-0

[Event "Reykjavik Open 2014"]
[Site "Harpa - reykjavik"]
[Date "2014.03.07"]
[Round "5.12"]
[White "Olafsson, Helgi"]
[Black "Edvardsson, Kristjan"]
[Result "1-0"]
[WhiteElo "2546"]
[BlackElo "2233"]
[ECO "E16"]
[EventDate "2014.??.??"]
[PlyCount "67"]
[TimeControl "6000+790"]
[WhiteClock "0:25:36"]
[BlackClock "0:00:51"]

1.d4 Nf6 2.c4 e6 3.Nf3 b6 4.g3 Bb7 5.Bg2 Bb4+ 6.Nbd2 c6 7.O-O d5 8.Qc2 O-O
9.e4 Bxd2 10.Nxd2 Nxe4 11.Nxe4 dxe4 12.Qxe4 Nd7 13.b3 Rc8 14.Bb2 Rc7 15.
Qf4 Re8 16.Rfe1 Nf8 17.Rad1 Rd7 18.Qg4 Qf6 19.Rd2 Qg6 20.Qf4 Red8 21.Be4 
Qh5 22.Bf3 Qa5 23.Rde2 Ng6 24.Qg4 Qxa2 25.d5 f5 26.Qg5 cxd5 27.Bxg7 Qxb3 
28.Bh5 dxc4 29.Bf6 Kf7 30.Bxd8 Qc3 31.Rxe6 Be4 32.R1xe4 fxe4 33.Qf5+ Kg8 
34.Re8+ 1-0

[Event "Reykjavik Open 2014"]
[Site "Harpa - reykjavik"]
[Date "2014.03.07"]
[Round "5.13"]
[White "Gajewski, Grzegorz"]
[Black "Thorfinnsson, Bjorn"]
[Result "1-0"]
[WhiteElo "2631"]
[BlackElo "2389"]
[ECO "E12"]
[EventDate "2014.??.??"]
[PlyCount "63"]
[TimeControl "6000+820"]
[WhiteClock "0:17:50"]
[BlackClock "0:05:21"]

1.d4 Nf6 2.c4 e6 3.Nf3 b6 4.Nc3 Bb7 5.g3 d5 6.cxd5 Nxd5 7.Bg2 Be7 8.O-O 
O-O 9.Nxd5 Bxd5 10.Qc2 Nd7 11.e4 Bb7 12.Bf4 Rc8 13.Rad1 h6 14.d5 exd5 15.
exd5 Bd6 16.Bxd6 cxd6 17.Qa4 a6 18.Nd4 b5 19.Qb4 Ne5 20.Nf5 Rc5 21.Rfe1 a5
22.Qd4 Rc4 23.Qa7 Bc8 24.Ne7+ Kh8 25.Nc6 Nxc6 26.dxc6 Be6 27.Rc1 d5 28.b3 
Rxc1 29.Rxc1 a4 30.c7 Qd7 31.Qc5 Ra8 32.Bxd5 1-0

[Event "Reykjavik Open 2014"]
[Site "Harpa - reykjavik"]
[Date "2014.03.07"]
[Round "5.14"]
[White "Rozentalis, Eduardas"]
[Black "Gledura, Benjamin"]
[Result "1-0"]
[WhiteElo "2623"]
[BlackElo "2385"]
[ECO "B10"]
[EventDate "2014.??.??"]
[PlyCount "125"]
[TimeControl "6000+780"]
[WhiteClock "0:16:06"]
[BlackClock "0:04:15"]

1.e4 c6 2.c4 d5 3.exd5 cxd5 4.cxd5 Nf6 5.Bb5+ Nbd7 6.Nc3 g6 7.d4 Bg7 8.d6 
e6 9.Nf3 O-O 10.O-O Nb6 11.Bf4 Nh5 12.Be5 f6 13.Bg3 Nxg3 14.hxg3 Qxd6 15.
Qb3 Bd7 16.Rfe1 Rfe8 17.Rad1 Bxb5 18.Nxb5 Qd7 19.Nd2 Nd5 20.Ne4 b6 21.a4 
Rad8 22.Nec3 Kf7 23.Nxd5 exd5 24.Rxe8 Rxe8 25.Rc1 Kg8 26.Kh2 Qf5 27.Nd6 
Qh5+ 28.Kg1 Re6 29.Nb5 Bh6 30.Rf1 Re4 31.Qc3 Qe2 32.Nd6 Re7 33.Qc6 Qe6 34.
Nc8 Re8 35.Nxa7 Qxc6 36.Nxc6 Re6 37.Nb4 Bf8 38.Nxd5 Rd6 39.Nc3 Rxd4 40.Rd1
Rb4 41.Rd7 Rxb2 42.Nd5 Bg7 43.g4 Kf8 44.Rb7 f5 45.Rxb6 Rxb6 46.Nxb6 fxg4 
47.a5 Bd4 48.Nc8 g3 49.Kf1 Bxf2 50.Ke2 h5 51.Kf3 Kg7 52.a6 Kf6 53.a7 Bxa7 
54.Nxa7 Kf5 55.Kxg3 g5 56.Nc6 Ke4 57.Nd8 Kf5 58.Nf7 Kf6 59.Nd6 Ke5 60.Nc4+
Ke4 61.Nd2+ Kf5 62.Nf3 h4+ 63.Nxh4+ 1-0

[Event "Reykjavik Open 2014"]
[Site "Harpa - reykjavik"]
[Date "2014.03.07"]
[Round "5.16"]
[White "Stefansson, Hannes"]
[Black "Abrahamyan, Tatev"]
[Result "1-0"]
[WhiteElo "2541"]
[BlackElo "2376"]
[ECO "A61"]
[EventDate "2014.??.??"]
[PlyCount "75"]
[TimeControl "6000+965"]
[WhiteClock "0:29:04"]
[BlackClock "0:01:45"]

1.d4 Nf6 2.c4 e6 3.Nf3 c5 4.d5 d6 5.Nc3 exd5 6.cxd5 g6 7.Bf4 a6 8.a4 Bg7 
9.h3 O-O 10.e3 Qe7 11.Be2 Nbd7 12.O-O Ne8 13.Re1 Ne5 14.Nxe5 Bxe5 15.Bxe5 
Qxe5 16.a5 f5 17.Na4 Nf6 18.Nb6 Rb8 19.Nc4 Qe7 20.b4 cxb4 21.Rb1 Ne4 22.
Rxb4 Qh4 23.Rf1 f4 24.Bf3 Ng5 25.Nxd6 Bxh3 26.gxh3 Nxh3+ 27.Kg2 Nxf2 28.
Rxf2 Qg3+ 29.Kf1 fxe3 30.Ne4 Qh4 31.Rg2 Rf4 32.Ke2 Rbf8 33.Qe1 Qxe1+ 34.
Kxe1 Rxf3 35.d6 R3f5 36.Rg5 Rd8 37.Rd4 Rf7 38.d7 1-0

[Event "Reykjavik Open 2014"]
[Site "Harpa - reykjavik"]
[Date "2014.03.07"]
[Round "5.17"]
[White "Molner, Mackenzie"]
[Black "Vojinovic, Jovana"]
[Result "1-0"]
[WhiteElo "2528"]
[BlackElo "2323"]
[ECO "C03"]
[EventDate "2014.??.??"]
[PlyCount "93"]
[TimeControl "6000+805"]
[WhiteClock "0:16:00"]
[BlackClock "0:12:58"]

1.e4 e6 2.d4 d5 3.Nd2 Ne7 4.Ngf3 Nd7 5.Bd3 Ng6 6.e5 c5 7.c3 c4 8.Bc2 f5 9.
h4 Be7 10.h5 Nh4 11.Nxh4 Bxh4 12.Nf3 Be7 13.Bf4 b5 14.Qd2 b4 15.Bg5 bxc3 
16.bxc3 Rb8 17.h6 g6 18.Ke2 O-O 19.Rhb1 Rxb1 20.Rxb1 Rf7 21.Bxe7 Qxe7 22.
Qg5 Qa3 23.Kd2 Qa5 24.a4 Qc7 25.Rb5 a6 26.Rxd5 exd5 27.e6 Rf8 28.Qe7 Qf4+ 
29.Kd1 Qxh6 30.exd7 Qh1+ 31.Kd2 Qh6+ 32.Kd1 Qh1+ 33.Ke2 Bxd7 34.Qxd7 Qc1 
35.Qxd5+ Kg7 36.Qb7+ Rf7 37.Qb1 Re7+ 38.Ne5 Qg5 39.Qb4 Kh6 40.Kd1 Qh5+ 41.
g4 Qh1+ 42.Kd2 Qh4 43.gxf5 a5 44.Qb8 Qg5+ 45.Ke2 Qg4+ 46.Kf1 Qh3+ 47.Kg1 
1-0

[Event "Reykjavik Open 2014"]
[Site "Harpa - reykjavik"]
[Date "2014.03.07"]
[Round "5.18"]
[White "Bisby, Daniel L"]
[Black "Kristjansson, Stefan"]
[Result "0-1"]
[WhiteElo "2314"]
[BlackElo "2503"]
[ECO "B49"]
[EventDate "2014.??.??"]
[PlyCount "72"]
[TimeControl "6000+1385"]
[WhiteClock "0:01:23"]
[BlackClock "0:01:55"]

1.e4 c5 2.Nf3 e6 3.d4 cxd4 4.Nxd4 Nc6 5.Nc3 Qc7 6.Be3 a6 7.Be2 Nf6 8.a3 b5
9.Nxc6 dxc6 10.f4 e5 11.fxe5 Qxe5 12.Bd4 Qf4 13.Rf1 Qxh2 14.Qd3 Be6 15.e5 
Nd5 16.Nxd5 cxd5 17.O-O-O Be7 18.Kb1 Rc8 19.a4 bxa4 20.Qxa6 O-O 21.Qd3 g6 
22.Qd2 Qxg2 23.Rf2 Qg5 24.Be3 Qg3 25.Rf3 Qxe5 26.Bd4 Qg5 27.Be3 Qh4 28.Rf4
Qh2 29.Bd4 Bg5 30.Be3 Rfe8 31.Rf3 Bxe3 32.Rxe3 Bf5 33.Rxe8+ Rxe8 34.Bb5 
Qxd2 35.Rxd2 Re4 36.Bd3 Rd4 0-1

[Event "Reykjavik Open 2014"]
[Site "Harpa - reykjavik"]
[Date "2014.03.07"]
[Round "5.30"]
[White "Liang, Awonder"]
[Black "Tania, Sachdev"]
[Result "0-1"]
[WhiteElo "2237"]
[BlackElo "2423"]
[ECO "C45"]
[EventDate "2014.??.??"]
[PlyCount "74"]
[TimeControl "6000+1685"]
[WhiteClock "0:02:46"]
[BlackClock "0:05:33"]

1.e4 e5 2.Nf3 Nc6 3.d4 exd4 4.Nxd4 Nf6 5.Nxc6 bxc6 6.e5 Qe7 7.Qe2 Nd5 8.c4
Ba6 9.b3 g5 10.g3 Bg7 11.Bb2 O-O-O 12.Nd2 Nb4 13.Kd1 c5 14.Bg2 Bb7 15.
Bxb7+ Kxb7 16.a3 Nc6 17.Kc2 Bxe5 18.Rae1 Rhe8 19.Bxe5 f6 20.f4 fxe5 21.Qg2
gxf4 22.gxf4 Qf6 23.Ne4 Qf5 24.Qg5 Nd4+ 25.Kc3 exf4 26.Qxf5 Nxf5 27.Nxc5+ 
Kc8 28.Nd3 f3 29.Rhf1 Nh4 30.Kd4 d6 31.Rxe8 Rxe8 32.Ne1 f2 33.Nd3 Nf5+ 34.
Kc3 Ne3 35.Rxf2 Nd1+ 36.Kd2 Nxf2 37.Nxf2 Rg8 0-1